 Dungeon Crawl Stone Soup version 0.20-a0-1006-ge6c5631 (webtiles) character file.

102 FastMan the Chopper (level 4, -3/57 HPs)
             Began as a Demonspawn Berserker on Apr 14, 2017.
             Was a Believer of Trog.
             Slain by a gnoll
             ... wielding a +0 spear
              (4 damage)
             ... on level 3 of the Dungeon.
             The game lasted 00:01:15 (2255 turns).

FastMan the Chopper (Demonspawn Berserker)          Turns: 2255, Time: 00:01:16

Health: -3/57      AC:  9    Str: 23    XL:     4   Next: 49%
Magic:  4/4        EV:  8    Int:  8    God:    Trog [**....]
Gold:   109        SH:  0    Dex: 13    Spells: 3/3 levels left

rFire    . . .     SeeInvis .   a - +0 hand axe
rCold    . . .     Gourm    .   (no shield)
rNeg     . . .     Faith    .   l - +0 chain mail (curse)
rPois    .         Spirit   .   (no helmet)
rElec    .         Reflect  .   (no cloak)
rCorr    .         Harm     .   (no gloves)
MR       .....                  (no boots)
Stlth    ..........             (no amulet)
Regen    0.2/turn               (no ring)
MPRegen  0.1/turn               (no ring)

@: berserking, very quick
A: rugged brown scales 1
a: Berserk, Trog's Hand, Burn Spellbooks, Renounce Religion


You were on level 3 of the Dungeon.
You worshipped Trog.
Trog was pleased with you.
You were hungry.

You visited 1 branch of the dungeon, and saw 3 of its levels.

You collected 109 gold pieces.

Inventory:

Hand Weapons
 a - a +0 hand axe (weapon)
Armour
 b - a +0 animal skin
 f - a +0 scale mail
 j - a +2 pair of boots
 k - a +0 pair of gloves
 l - a cursed +0 chain mail (worn)
 m - a +0 pair of gloves
Jewellery
 d - a cursed ring of teleportation {unknown}
Scrolls
 h - a scroll of noise {unknown}
 i - a scroll of enchant weapon {unknown}
 n - a scroll of amnesia {unknown}
 p - a scroll of teleportation {unknown}
Potions
 e - a potion of degeneration {unknown}
 g - a potion of mutation {unknown}
 o - a potion of agility {unknown}
 q - a potion of heal wounds {unknown}
Comestibles
 c - 5 bread rations {@e1}
 r - a royal jelly {@e3}
 s - 3 chunks of flesh


   Skills:
 + Level 3.9 Fighting
 * Level 4.2 Axes
 - Level 1.7 Armour
 - Level 1.7 Dodging


You had 3 spell levels left.
You didn't know any spells.

Dungeon Overview and Level Annotations

Branches:
Dungeon (3/15)

Altars:


Innate Abilities, Weirdness & Mutations

You are partially covered in rugged brown scales. (AC +1, +3% HP)


Message History

You hit the gnoll.
The gnoll is lightly wounded.
The gnoll hits you but does no damage.
The gnoll hits you from afar with a spear!
* * * LOW HITPOINT WARNING * * *
You are too injured to fight recklessly!
You slash the gnoll!
You kill the gnoll!
Trog accepts your kill. The gnoll closely misses you.
The gnoll barely misses you.
You are too injured to fight recklessly!
Found a pink potion.
Found a stone staircase leading down.
You see here a spear.
You are too injured to fight recklessly!
You slash the gnoll!
The gnoll is almost dead.
You slash the gnoll! The gnoll hits you with a halberd.
* * * LOW HITPOINT WARNING * * *
The gnoll hits you with a spear.
You die...

#......<###.......#
#.......# ####...(#
#.####### #.....#
#. ###.....# .
#...#...# #
#.###...# #.# #...#
#)# #...# #@# #...#
#....ggg# #####
##.....S. #.....##.
..>.... ## .!.....
##..... #.....


You could see 2 gnolls, an adder and a hobgoblin.

Vanquished Creatures
  Jessica (D:2)
  2 gnolls (D:3)
  An adder (D:3)
  3 dart slugs
  A leopard gecko (D:2)
  An orc (D:3)
  A bat (D:2)
  2 giant cockroaches
  6 hobgoblins
  2 jackals (D:1)
  2 ball pythons
  A frilled lizard (D:1)
  6 goblins
  8 kobolds
  3 rats (D:1)
40 creatures vanquished.

Notes
Turn   | Place    | Note
-------+----------+-------------------------------------------
     0 | D:1      | FastMan the Demonspawn Berserker began the quest for the Orb.
     0 | D:1      | Reached XP level 1. HP: 18/18 MP: 1/1
   327 | D:1      | Reached skill level 3 in Axes
   575 | D:1      | Gained mutation: You are partially covered in rugged brown scales. (AC +1, +3% HP) [demonic ancestry]
   575 | D:1      | Reached XP level 2. HP: 13/24 MP: 2/2
  1085 | D:2      | Noticed Jessica
  1096 | D:2      | Killed Jessica
  1096 | D:2      | Reached XP level 3. HP: 20/29 MP: 3/3
  2051 | D:3      | Reached skill level 4 in Axes
  2051 | D:3      | Reached XP level 4. HP: 29/38 MP: 4/4
  2220 | D:3      | Reached ** piety under Trog
  2255 | D:3      | HP: 1/57 [gnoll/halberd (4)]
  2255 | D:3      | Slain by a gnoll

Vault maps used:
D:1:      minmay_arrival_open_corners, hangedman_decor_clover_reticule
D:2:      first_bread, corexii_leaking_fountain, minmay_hexomino_f4,
          uniq_jessica
D:3:      lemuel_crystal_altar

Skill      XL: |  1  2  3 |
---------------+----------+-----
Axes           | 3 4 |  4.2
Fighting       | |  3.9
Armour         | |  1.7
Dodging        | |  1.7

Action                   |  1- 3 |  4- 6 || total
-------------------------+-------+-------++-------
Melee: Hand axe          |   122 |    24 ||   146
Invok: Berserk           |     4 |     1 ||     5
  Eat: Chunk             |     6 |     2 ||     8
Armor: Animal skin       |     9 |       ||     9
       Chain mail        |    40 |    17 ||    57
Dodge: Dodged            |    57 |    15 ||    72
